 Dungeon Crawl Stone Soup version 0.26.1-11-gd32895ea62 (webtiles) character file.

Game seed: 910672918261962126

69 Zeld the Digger (level 4, 25/25 HPs)
             Began as a Gargoyle Earth Elementalist on June 10, 2021.
             Quit the game on level 3 of the Dungeon on June 11, 2021.
             The game lasted 00:05:46 (2259 turns).

Zeld the Digger (Gargoyle Earth Elementalist)       Turns: 2259, Time: 00:05:47

Health: 25/25      AC:  5    Str: 11    XL:     4   Next: 20%
Magic:  7/7        EV: 12    Int: 17    God:
Gold:   114        SH:  0    Dex: 10    Spells: 1/7 levels left

rFire    . . .     SeeInvis .   (no weapon)
rCold    . . .     Faith    .   (no shield)
rNeg     + . .     Spirit   .   c - +0 robe
rPois    ∞         Reflect  .   (no helmet)
rElec    +         Harm     .   (no cloak)
rCorr    .         Rampage  .   (no gloves)
Will     .....                  (no boots)
Stlth    ++........             (no amulet)
HPRegen  0.08/turn              (no ring)
MPRegen  0.10/turn              (no ring)

@: no status effects
A: negative energy resistance 1, electricity resistance, unbreathing,
petrification resistance, miasma immunity, AC +3
a: no special abilities


You were on level 3 of the Dungeon.
You visited 1 branch of the dungeon, and saw 3 of its levels.

You collected 114 gold pieces.

Inventory:

Missiles
 b - 34 stones (quivered)
Armour
 c - a +0 robe (worn)
Jewellery
 g - a +6 ring of strength {unknown}
Scrolls
 k - a scroll of identify {unknown}
Potions
 a - 2 potions of flight {unknown}
 d - a potion of ambrosia {unknown}
 e - a potion of brilliance {unknown}
 f - a potion of berserk rage {unknown}
 h - 2 potions of resistance {unknown}
 i - 2 potions of curing {unknown}
 j - a potion of lignification {unknown}
 l - a potion of attraction {unknown}


   Skills:
 + Level 1.6 Fighting
 + Level 2.1 Dodging
 - Level 2.1 Stealth
 + Level 2.4 Spellcasting
 - Level 0.7 Transmutations
 * Level 4.6 Earth Magic


You had one spell level left.
You knew the following spells:

 Your Spells              Type           Power        Failure   Level
a - Sandblast             Erth           36%          2%          1
b - Passwall              Tmut/Erth      9%           10%         2
c - Stone Arrow           Conj/Erth      20%          22%         3

Your spell library contained the following spells:

 Spells                   Type           Power        Failure   Level
 Petrify                  Tmut/Erth      11%          52%         4
 Lee's Rapid Deconstruct  Erth           9%           58%         5


Dungeon Overview and Level Annotations

Branches:
Dungeon (3/15)

Altars:
Cheibriados


Innate Abilities, Weirdness & Mutations

You are resistant to torment.
Your stone body is resilient. (AC +3)
You are immune to poison.
You resist negative energy. (rN+)
You are resistant to electric shocks. (rElec)
You can survive without breathing.
You are immune to petrification.
You are immune to miasma.


Message History

Done exploring.
Done exploring.
No target in view!
Done exploring.
Done exploring.
There is a stone staircase leading down here.
You can't memorise that many levels of magic yet!
Unknown command.
You can't memorise that many levels of magic yet!
You climb downwards.
You hear the sound of rushing water.
There is an entrance to a sewer on this level.
Hurry and find it before the portal rusts away!
There is a stone staircase leading up here.
Saving game... please wait.
You hear the sound of rushing water.
There is an entrance to a sewer on this level.
Hurry and find it before the portal rusts away!
Welcome back, Zeld the Gargoyle Earth Elementalist.
Press ? for a list of commands and other information.
Unknown command.
Are you sure you want to abandon this character and quit the game? (Confirm with "yes".) ######### .......@# #########

There were no monsters in sight!

Vanquished Creatures
  An adder (D:2)
  2 oozes
  A worm (D:2)
  A dart slug (D:2)
  3 leopard geckos
  4 giant cockroaches
  2 goblins
  5 hobgoblins
  4 jackals
  6 kobolds
  A quokka (D:2)
  A ball python (D:1)
  4 bats (D:2)
  3 frilled lizards
  5 rats
43 creatures vanquished.

Notes
Turn   | Place    | Note
-------+----------+-------------------------------------------
     0 | D:1      | Zeld the Gargoyle Earth Elementalist began the quest for
                  | the Orb.
     0 | D:1      | Reached XP level 1. HP: 10/10 MP: 3/3
   144 | D:1      | Reached XP level 2. HP: 15/16 MP: 0/5
   147 | D:1      | Learned a level 2 spell: Passwall
   294 | D:1      | Reached skill level 4 in Earth Magic
   535 | D:1      | Reached skill level 1 in Fighting
   794 | D:1      | Reached XP level 3. HP: 20/20 MP: 3/6
   798 | D:1      | Learned a level 3 spell: Stone Arrow
  1275 | D:2      | Found a snail-covered altar of Cheibriados.
  1717 | D:2      | Reached XP level 4. HP: 25/25 MP: 4/7
  2259 | D:3      | Quit the game

Illustrated notes

Levels and vault maps discovered:
D:1:      minmay_arrival_open_corners, layout_loops_ring, minmay_heptomino_o4
D:2:      layout_loops_corners, cheibriados_altar_1
D:3:      layout_basic, old_standard_altar, portal_sewer_entry_e,
          chequers_serial_rivers_room_b

Skill      XL: |  1  2  3 |
---------------+----------+-----
Earth Magic    | 4 |  4.6
Fighting       | 1 |  1.6
Dodging        | 2 |  2.1
Stealth        | |  2.1
Spellcasting   | |  2.4
Transmutations | |  0.7

Action                   |  1- 3 |  4- 6 || total
-------------------------+-------+-------++-------
Melee: Unarmed           |    14 |     9 ||    23
 Cast: Sandblast         |    54 |     9 ||    63
Armor: Robe              |    15 |     1 ||    16
Dodge: Dodged            |    46 |     9 ||    55
